 Dungeon Crawl Stone Soup version 0.17-a0-1646-geb1493d (webtiles) character file.

228 patman the Grave Robber (level 6, -2/44 HPs)
             Began as a Human Wanderer on Aug 9, 2015.
             Was an Initiate of Okawaru.
             Slain by a worker ant (5 damage)
             ... on level 7 of the Dungeon.
             The game lasted 00:11:13 (2879 turns).

patman the Grave Robber (Human Wanderer)            Turns: 2879, Time: 00:11:13

Health: -2/44      AC:  5    Str: 14    XL:     6   Next: 23%
Magic:  4/7        EV: 11    Int: 19    God:    Okawaru [......]
Gold:   139        SH:  0    Dex: 16    Spells: 3 memorised, 2 levels left

rFire  . . .     SeeInvis .     b - +0 flail
rCold  . . .     Clarity  .     e - +0 robe
rNeg   . . .     SustAt   .     (no shield)
rPois  .         Gourm    .     u - +2 helmet
rElec  .         Spirit   .     (no cloak)
rCorr  .         Warding  .     (no gloves)
rMut   .         Stasis   .     (no boots)
MR     .....                    (no amulet)
Stlth  +.........               (no ring)
                                l - +5 ring of intelligence

@: mighty, lethally poisoned (-2 -> -2), regenerating, not resistant to hostile
enchantments, very unstealthy
A: no striking features
a: Renounce Religion


You were on level 7 of the Dungeon.
You worshipped Okawaru.
Okawaru was noncommittal.
You were near starving.

You visited 1 branch of the dungeon, and saw 6 of its levels.

You collected 139 gold pieces.

Inventory:

Hand weapons
 a - a +0 blowgun
 b - a +0 flail (weapon)
 n - a +0 whip
Missiles
 c - 8 poisoned needles
 g - 112 stones (quivered)
Armour
 e - a +0 robe (worn)
 t - a +0 cloak
 u - a +2 helmet (worn)
 v - a +2 buckler
Jewellery
 l - a +5 ring of intelligence (left hand)
Scrolls
 k - a scroll of enchant weapon {unknown}
 q - 2 scrolls of teleportation {unknown}
 r - 2 scrolls of remove curse {unknown}
 w - a scroll of fog {unknown}
 x - a scroll of magic mapping {unknown}
Potions
 j - a potion of cancellation {unknown}
 o - a potion of might
 s - a potion of heal wounds {unknown}
 z - a potion of cure mutation {unknown}
 A - a potion of ambrosia {unknown}
Books
 d - a book of Necromancy

   Spells                             Type                      Level
   a - Pain                           Necromancy                   1
   b - Animate Skeleton               Necromancy                   1
   c - Vampiric Draining              Necromancy                   3
   d - Regeneration                   Charms/Necromancy            3
   e - Animate Dead                   Necromancy                   4
   f - Control Undead                 Necromancy                   4
 h - Oneqyn's Incunabulum of Shape Shifting

   Spells                             Type                      Level
   a - Stoneskin                      Transmutation/Earth          2
   b - Sticks to Snakes               Transmutation                2
Comestibles
 f - 3 bread rations
 i - 5 meat rations


   Skills:
 - Level 2.0 Fighting
 - Level 1.0 Maces & Flails
 - Level 1.0 Throwing
 - Level 2.0 Armour
 - Level 1.1 Shields
 - Level 1.0 Spellcasting
 * Level 5.9 Necromancy
   Level 1.0 Evocations


You had 2 spell levels left.
You knew the following spells:

 Your Spells              Type           Power        Failure   Level  Hunger
a - Pain                  Necr           ###.         1%          1    ##.....
s - Animate Skeleton      Necr           N/A          1%          1    ##.....
R - Regeneration          Chrm/Necr      ##........   17%         3    ####...


Dungeon Overview and Level Annotations

Branches:
Dungeon (7/15)
 Temple: D:4-7

Altars:
Kikubaaqudgha
Okawaru
Xom

Annotations:
D:6 Blork the orc


Message History

You feel sick.
Drink which item? (? for menu, Esc to quit)
You feel better. The worker ant closely misses you.
Drink which item? (? for menu, Esc to quit)
You feel very mighty all of a sudden. The worker ant bites you.
* * * LOW HITPOINT WARNING * * *
You are poisoned.
The worker ant poisons you!
Casting: Animate Skeleton
Confirm with . or Enter, or press ? or * to list all spells.
Your skin crawls.
You are near starving!
You feel sick. The worker ant bites you!
* * * LOW HITPOINT WARNING * * *
All of the chunks of flesh in your inventory have rotted away.
You sock the worker ant!
The worker ant is severely wounded.
You feel sick. The worker ant bites you.
You die...

## # #.#
##.# ..#
#.. #.##.#
##.<#
#.).##
#....#
##...a####
#....rla@#
#.....###.#
#......# ##
.........
.........
.........
#........#
#.....#


You could see an iguana, 2 worker ants and a quokka.

Vanquished Creatures
  A giant frog zombie (D:5)
  Jessica (D:2)
  Terence (D:2)
  A worker ant (D:5)
  A worker ant zombie (D:2)
  Robin (D:1)
  2 adders
  An adder zombie (D:2)
  A worm (D:2)
  4 giant geckos (D:1)
  An orc (D:3)
  6 bats
  A bat skeleton (D:2)
  2 giant cockroaches
  14 goblins
  6 hobgoblins
  6 jackals
  2 ball pythons (D:5)
  3 giant newts
  7 kobolds
  A quokka zombie (D:2)
  9 rats
72 creatures vanquished.

Vanquished Creatures (collateral kills)
  A worm (D:2)
  A hobgoblin (D:1)
  A ball python (D:2)
  2 bats
  A kobold (D:3)
  A rat (D:3)
7 creatures vanquished.

Grand Total: 79 creatures vanquished

Notes
Turn   | Place    | Note
--------------------------------------------------------------
     0 | D:1      | patman the Human Wanderer began the quest for the Orb.
     0 | D:1      | patman set off with: a book of Necromancy, Oneqyn's Incunabulum of Shape Shifting, 10 poisoned needles, a +0 blowgun, a +0 robe, a bread ration
     0 | D:1      | Reached XP level 1. HP: 16/16 MP: 2/2
     0 | D:1      | Identified Oneqyn's Incunabulum of Shape Shifting
     2 | D:1      | Learned a level 1 spell: Pain
     4 | D:1      | Learned a level 1 spell: Animate Skeleton
   327 | D:1      | Reached XP level 2. HP: 19/22 MP: 3/3
   441 | D:1      | Reached skill level 3 in Necromancy
   516 | D:1      | Found a shimmering altar of Xom.
   717 | D:1      | Reached XP level 3. HP: 14/27 MP: 1/4
   945 | D:2      | Noticed Terence
  1130 | D:2      | Killed Terence
  1130 | D:2      | Reached skill level 4 in Necromancy
  1130 | D:2      | Reached XP level 4. HP: 30/33 MP: 2/5
  1334 | D:2      | Your ally Terence died
  1420 | D:2      | Noticed Robin
  1768 | D:1      | Killed Robin
  1768 | D:1      | Reached XP level 5. HP: 29/38 MP: 0/6
  1925 | D:2      | Reached skill level 5 in Necromancy
  1933 | D:2      | Learned a level 3 spell: Regeneration
  1947 | D:2      | Noticed Jessica
  1950 | D:2      | Killed Jessica
  2309 | D:3      | Found a shimmering altar of Xom.
  2309 | D:3      | Found an ancient bone altar of Kikubaaqudgha.
  2310 | D:3      | Found an iron altar of Okawaru.
  2324 | D:3      | Became a worshipper of Warmaster Okawaru
  2379 | D:3      | Reached skill level 1 in Shields
  2578 | D:3      | You fall through a shaft for 3 floors!
  2578 | D:6      | Noticed a sky beast
  2578 | D:6      | Noticed an ogre
  2589 | D:5      | Entered Level 5 of the Dungeon
  2602 | D:5      | Noticed a phantom
  2615 | D:5      | Reached XP level 6. HP: 10/44 MP: 1/7
  2740 | D:5      | HP: 1/44 [worker ant (7)]
  2864 | D:6      | Noticed Blork the orc
  2875 | D:7      | HP: 2/44 [poisoned by a worker ant]
  2879 | D:7      | Slain by a worker ant

Vault maps used:
D:1:      lightli_arrival_windingriver, xom_teletrap_fun
D:2:      serial_undead, serial_undead_b, serial_undead_e, serial_undead_d,
          serial_undead_e, uniq_terence, uniq_jessica, uniq_robin
D:3:      grunt_temple_overflow_open, lemuel_doored_altar, uniq_iyjb
D:5:      first_bread
D:6:      lemuel_round_altar, uniq_blork_the_orc
D:7:      minmay_temple_entry_overgrown, grunt_livestock, minmay_door_square,
          uniq_pikel, uniq_menkaure

Action                   |  1- 3 |  4- 6 || total
-------------------------+-------+-------++-------
Melee: Whip              |    51 |       ||    51
       Flail             |       |   181 ||   181
 Fire: Blowgun           |    11 |       ||    11
 Cast: Pain              |    23 |    17 ||    40
       Animate Skeleton  |       |    24 ||    24
       Regeneration      |       |     4 ||     4
  Use: Scroll            |       |     2 ||     2
       Potion            |       |     5 ||     5
 Stab: Sleeping          |     4 |     1 ||     5
       Distracted        |       |     2 ||     2
  Eat: Chunk             |     1 |     7 ||     8
